 Dungeon Crawl Stone Soup version 0.26-a0-639-g72c4674329 (webtiles) character file.

Game seed: 17582697901431959998

2226 ANON1729 the Covered (level 9, -3/57 HPs)
             Began as a Gargoyle Fighter on Sept 15, 2020.
             Was a Follower of the Shining One.
             Slain by a manticore (13 damage)
             ... on level 7 of the Dungeon.
             The game lasted 00:07:32 (6929 turns).

ANON1729 the Covered (Gargoyle Fighter)             Turns: 6929, Time: 00:07:33

Health: -3/57      AC: 15    Str: 24    XL:     9   Next: 36%
Magic:  13/13      EV:  7    Int:  8    God:    the Shining One [*.....]
Gold:   300        SH:  9    Dex:  9    Spells: 8/8 levels left

rFire    . . .     SeeInvis .   a - +0 long sword
rCold    . . .     Faith    .   c - +0 kite shield
rNeg     + . .     Spirit   .   b - +0 scale mail
rPois    ∞         Reflect  .   (no helmet)
rElec    +         Harm     .   s - +0 cloak
rCorr    .         Rampage  .   (no gloves)
MR       .....                  (no boots)
Stlth    ..........             (no amulet)
HPRegen  0.19/turn              (no ring)
MPRegen  0.13/turn              (no ring)

@: mighty, glowing
A: negative energy resistance 1, electricity resistance, unbreathing,
petrification resistance, rot immunity, AC +6
a: Renounce Religion


You were on level 7 of the Dungeon.
You worshipped the Shining One.
The Shining One was aware of your devotion.
You visited 2 branches of the dungeon, and saw 8 of its levels.

You collected 300 gold pieces.

Inventory:

Hand Weapons
 a - a +0 long sword (weapon)
Armour
 b - a +0 scale mail (worn)
 c - a +0 kite shield (worn)
 s - a +0 cloak (worn)
 t - a +0 buckler
Wands
 C - a wand of acid (10)
 E - a wand of enslavement (6)
Scrolls
 e - 2 scrolls of teleportation
 f - 3 scrolls of enchant weapon {unknown}
 g - a scroll of holy word {unknown}
 i - 3 scrolls of amnesia
 j - 6 scrolls of identify {unknown}
 m - 2 scrolls of blinking {unknown}
 n - 2 scrolls of enchant armour {unknown}
 q - a scroll of magic mapping {unknown}
 r - 3 scrolls of immolation {unknown}
 x - 2 scrolls of fog {unknown}
 y - a scroll of random uselessness {unknown}
 D - a scroll of silence {unknown}
Potions
 d - a potion of might
 h - 4 potions of berserk rage {unknown}
 k - 3 potions of curing {unknown}
 l - 4 potions of lignification {unknown}
 o - 3 potions of flight {unknown}
 p - a potion of heal wounds {unknown}
 u - 2 potions of cancellation {unknown}
 v - a potion of mutation {unknown}
 w - 5 potions of brilliance {unknown}
 z - a potion of resistance {unknown}
 A - a potion of degeneration {unknown}
 B - a potion of ambrosia {unknown}


   Skills:
 + Level 7.2 Fighting
 + Level 5.6 Long Blades
 + Level 7.3 Armour
 - Level 4.0 Shields
 * Level 6.6 Invocations


You had 8 spell levels left.
You didn't know any spells.
Your spell library was empty.

Dungeon Overview and Level Annotations

Branches:
Dungeon (7/15)             Temple (1/1) D:5

Altars:
Ashenzari
Cheibriados
Dithmenos
Elyvilon
Fedhas
Gozag
Hepliaklqana
Makhleb
Nemelex Xobeh
Okawaru
Qazlal
Ru
Sif Muna
Trog
Uskayaw
Vehumet
Wu Jian
Xom
Zin
The Shining One


Innate Abilities, Weirdness & Mutations

You are resistant to torment.
Your stone body is resilient. (AC +6)
You are immune to poison.
You resist negative energy. (rN+)
You are resistant to electric shocks. (rElec)
You can survive without breathing.
You are immune to petrification.
You are immune to rotting.


Message History

You hit the bullfrog.
The bullfrog is heavily wounded.
The bullfrog barely misses you.
You riposte.
You hit the bullfrog.
The bullfrog is severely wounded.
The bullfrog barely misses you.
You hit the bullfrog.
The bullfrog is almost dead.
You block the bullfrog's attack. The bullfrog barely misses you.
You hit the bullfrog.
You kill the bullfrog!
You feel very mighty all of a sudden. The manticore barely misses you.
The manticore claws you.
* * * LOW HITPOINT WARNING * * *
The manticore claws you but does no damage.
You slash the manticore!
The manticore is heavily wounded.
You block the manticore's attack.
The manticore claws you but does no damage. x2
The manticore bites you!
You die...

# ###########..##
##.......@.....#
########....###H###...#
...........##.†#.h## .#
..........##..###.Z#
...########|#..SHS#o#
...# #...##S##. .# ...#
# #.#.o .# # ...# #..!
.# ...# #.#. .#


You could see a manticore.

Vanquished Creatures
  Sigmund (D:5)
  Edmund (D:5)
  2 ice beasts
  An orc warrior (D:7)
  2 sky beasts
  2 centaurs
  5 ogres
  2 bullfrogs (D:7)
  A scorpion (D:4)
  2 howler monkeys
  A quasit (D:7)
  A centaur zombie (D:4)
  2 hounds
  A centaur skeleton (D:6)
  An orc priest (D:3)
  2 orc wizards
  A bullfrog skeleton (D:4)
  An iguana (D:6)
  5 worker ants
  A hound zombie (D:7)
  A worker ant zombie (D:5)
  A howler monkey skeleton (D:4)
  A gnoll (D:7)
  10 adders
  2 shadow imps (D:5)
  A white imp (D:6)
  4 worms
  4 leopard geckos
  7 orcs
  4 ball pythons
  10 bats
  3 giant cockroaches
  7 goblins
  7 hobgoblins
  2 jackals (D:2)
  5 quokkas
  3 frilled lizards
  5 kobolds
  8 rats
120 creatures vanquished.

Notes
Turn   | Place    | Note
-------+----------+-------------------------------------------
     0 | D:1      | ANON1729 the Gargoyle Fighter began the quest for the Orb.
     0 | D:1      | Reached XP level 1. HP: 14/14 MP: 1/1
   199 | D:1      | Reached XP level 2. HP: 19/19 MP: 2/2
   984 | D:2      | Reached XP level 3. HP: 24/24 MP: 3/3
  1414 | D:2      | Reached XP level 4. HP: 28/29 MP: 4/4
  2471 | D:3      | Reached XP level 5. HP: 33/33 MP: 5/5
  3116 | D:4      | Reached XP level 6. HP: 34/40 MP: 6/6
  3190 | D:4      | Noticed an orc warrior
  3514 | D:4      | Reached skill level 5 in Fighting
  3514 | D:4      | Reached skill level 5 in Armour
  3575 | D:4      | Found a glowing golden altar of the Shining One.
  3662 | D:4      | Became a worshipper of the Shining One
  3674 | D:5      | Entered Level 5 of the Dungeon
  3690 | D:5      | Reached XP level 7. HP: 11/44 MP: 7/7
  4147 | D:5      | Reached skill level 1 in Invocations
  4661 | D:5      | Noticed Edmund
  4674 | D:5      | Killed Edmund
  4674 | D:5      | Reached XP level 8. HP: 44/51 MP: 8/10
  4721 | D:5      | Noticed Sigmund
  4739 | D:5      | Killed Sigmund
  5282 | D:5      | Found a staircase to the Ecumenical Temple.
  5422 | Temple   | Entered the Ecumenical Temple
  5545 | D:6      | Found a shattered altar of Ashenzari.
  5566 | D:6      | Reached skill level 5 in Long Blades
  5625 | D:6      | Reached skill level 5 in Invocations
  6038 | D:6      | Found a shadowy altar of Dithmenos.
  6043 | D:6      | Reached * piety under the Shining One
  6227 | D:6      | Found a stormy altar of Qazlal.
  6232 | D:6      | Reached XP level 9. HP: 56/56 MP: 13/13
  6912 | D:7      | Noticed a manticore
  6929 | D:7      | Slain by a manticore

Illustrated notes

Levels and vault maps discovered:
D:1:      psy_arrival_fountain, layout_basic,
          wander_ebering_terrifying_dragon_lair
D:2:      kennysheep_big_flooded_room, layout_basic, minmay_misc_feat_hallway
D:3:      layout_basic, kennysheep_generic_room_10
D:4:      layout_basic, lemuel_zombie_altar_kikubaaqudgha, lemuel_crystal_altar
D:5:      layout_cave_pools, minmay_temple_entry_statues, minivault_14,
          uniq_edmund, uniq_sigmund
D:6:      layout_basic, kennysheep_little_box, lemuel_crystal_altar,
          grunt_dithmenos_smoke, serial_glass, glass_columns_a, glass_columns_b,
          dk_vineyard_1
D:7:      minmay_the_grid_octo_tiled_squarecenter [minmay_the_grid_octo_focus,
          minmay_the_grid_octo_77, minmay_the_grid_octo_horde,
          minmay_the_grid_octo_checkered,
          minmay_the_grid_square_5x5_megaprize_crossed,
          minmay_the_grid_square_5x5_mess, minmay_the_grid_square_5x5_detours,
          minmay_the_grid_square_5x5_inverted_slash,
          minmay_the_grid_square_5x5_fat_x], layout_basic, chequers_garden
Temple:   nicolae_temple_x_marks_the_god

Skill      XL: |  1  2  3  4  5  6  7  8  9 |
---------------+----------------------------+-----
Long Blades    | 2 3 4 5 |  5.6
Shields        | 4 |  4.0
Fighting       | 4 5 6 7 |  7.2
Armour         | 4 5 6 7 |  7.3
Invocations    | 3 5 6 |  6.6

Action                   |  1- 3 |  4- 6 |  7- 9 || total
-------------------------+-------+-------+-------++-------
Melee: Long sword        |   115 |   182 |   256 ||   553
  Use: Scroll            |       |     3 |       ||     3
       Potion            |       |       |     2 ||     2
Armor: Scale mail        |    76 |   102 |   156 ||   334
Dodge: Dodged            |    33 |    55 |   102 ||   190
Block: Kite shield       |    60 |   104 |   153 ||   317
       Rpst.: Long sword |    11 |    12 |    27 ||    50

Table legend: (Time is in decaauts)
 A = Elapsed time spent in this place.
 B = Non-inter-level travel time spent in this place.
 C = Inter-level travel time spent in this place.
 D = Time resting spent in this place.
 E = Time spent auto-exploring this place.
 F = Levels seen in this place.
 G = Mean time per level.
                   A        B        C        D        E       F      G
               +--------+--------+--------+--------+--------+-----+--------+
         Total |   7105 |   6873 |    232 |   1899 |   3718 |   8 |  888.1 |
       Dungeon |   7046 |   6823 |    223 |   1899 |   3668 |   7 | 1006.6 |
        Temple |     58 |     50 |      8 |      0 |     50 |   1 |   58.0 |
               +--------+--------+--------+--------+--------+-----+--------+

Top non-repeatable levels by time:
     D:5: 1763 daAuts
     D:3: 1174 daAuts
     D:2: 1149 daAuts
     D:1: 989 daAuts
     D:6: 761 daAuts
     D:7: 690 daAuts
     D:4: 517 daAuts
  Temple: 58 daAuts
